 Dungeon Crawl Stone Soup version 0.25-a0-253-g6f1b5d974a (webtiles) character file.

Game seed: 16898634525738852535, levelgen mode: deterministic

1094 floatRand the Chopper (level 8, -8/56 HPs)
             Began as a Demonspawn Gladiator on Dec 5, 2019.
             Was an Initiate of Qazlal.
             Mangled by an ogre
             ... wielding a +0 giant spiked club
              (23 damage)
             ... on level 6 of the Dungeon.
             The game lasted 00:07:57 (6378 turns).

floatRand the Chopper (Demonspawn Gladiator)        Turns: 6378, Time: 00:07:57

Health: -8/56      AC: 12    Str: 15    XL:     8   Next: 10%
Magic:  12/12      EV: 14    Int: 14    God:    Qazlal [......]
Gold:   88         SH:  0    Dex: 16    Spells: 7/7 levels left

rFire    . . .     SeeInvis .   a - +1 war axe
rCold    . . .     Gourm    .   (no shield)
rNeg     . . .     Faith    .   b - +0 leather armour
rPois    .         Spirit   .   (helmet restricted)
rElec    .         Reflect  .   (no cloak)
rCorr    .         Harm     .   l - +1 pair of gloves
MR       .....                  A - +0 pair of boots
Stlth    +.........             e - amulet of regeneration
HPRegen  0.58/turn              u - +4 ring of intelligence
MPRegen  0.13/turn              (no ring)

@: sanguine armour
A: antennae 2, rot immunity, sanguine armour 1
a: Renounce Religion


You were on level 6 of the Dungeon.
You worshipped Qazlal.
Qazlal was noncommittal.
You were near starving.

You visited 2 branches of the dungeon, and saw 7 of its levels.

You collected 160 gold pieces.
You spent 72 gold pieces at shops.

Inventory:

Hand Weapons
 a - a +1 war axe (weapon)
 d - a +3 rapier
Missiles
 B - 2 poisoned darts (quivered)
Armour
 b - a +0 leather armour (worn)
 c - a +0 helmet
 l - a +1 pair of gloves (worn)
 A - a +0 pair of boots (worn)
Jewellery
 e - an amulet of regeneration (around neck)
 o - an uncursed amulet of guardian spirit
 u - a +4 ring of intelligence (left hand)
Scrolls
 h - a scroll of fear
 j - 3 scrolls of teleportation
 n - a scroll of identify
 r - 4 scrolls of noise
 s - 2 scrolls of random uselessness
 t - 2 scrolls of fog
 y - 2 scrolls of enchant armour
Potions
 g - a potion of degeneration
 i - a potion of cancellation
 m - a potion of berserk rage
 q - 4 potions of curing
 v - a potion of lignification {unknown}
Comestibles
 f - 10 rations


   Skills:
 - Level 2.0 Fighting
 + Level 6.9 Axes
 - Level 1.7 Throwing
 - Level 2.8 Armour
 + Level 4.0 Dodging
 * Level 5.6 Invocations


You had 7 spell levels left.
You didn't know any spells.
Your spell library was empty.

Dungeon Overview and Level Annotations

Branches:
Dungeon (6/15)             Temple (1/1) D:4

Altars:
Ashenzari
Cheibriados
Dithmenos
Hepliaklqana
Kikubaaqudgha
Makhleb
Nemelex Xobeh
Qazlal
Ru
Trog
Vehumet
Wu Jian
Xom
Yredelemnul
Zin
The Shining One

Shops:
D:4 ?

Annotations:
D:3 2 transporters


Innate Abilities, Weirdness & Mutations

You have a pair of antennae on your head.
You are immune to rotting.
When seriously injured, your bleeding wounds create armour. (AC +6)


Message History

You slash the ogre!
The ogre is severely wounded.
The ogre looks more healthy.
The ogre hits you with a +0 giant spiked club!!
* * * LOW HITPOINT WARNING * * *
Unknown command.
You barely miss the ogre.
The ogre is severely wounded.
The ogre barely misses you.
You are too injured to fight recklessly!
Unknown command.
Throwing (i - inventory)
B - 3 poisoned darts (quivered)
Press: ? - help, Shift-Dir - straight line, f/p - ogre
Aim: an ogre, wielding a +0 giant spiked club (severely wounded)
You throw a poisoned dart.
The poisoned dart barely misses the ogre.
You hit the ogre but do no damage.
The ogre is severely wounded.
The ogre hits you with a +0 giant spiked club!!
You die...

#..# # #.(# #
#####.(#### #
#.........# #
#.........# #
#.........# +
#.........# ##
#.....O...# #+# #.
#.....@...# #.# #.
######'#.##
#.#####+#' #.#..#
#.#....... ####+##.##
#.#....... .........#
#.#.......
.......#.###'#.......
.......#.............
.......#.............
.......#.............


You could see an ogre.

Vanquished Creatures
  An ice beast (D:5)
  A sky beast (D:4)
  3 ogres
  A centaur (D:4)
  A howler monkey (D:4)
  A centaur zombie (D:5)
  2 crimson imps (D:5)
  A gnoll shaman (D:4)
  An orc priest (D:5)
  A hound (D:5)
  2 orc wizards (D:5)
  An iguana (D:5)
  3 worker ants
  A hound skeleton (D:4)
  Robin (D:2)
  3 gnolls (D:4)
  7 adders
  An adder skeleton (D:5)
  A worm (D:2)
  4 dart slugs
  2 leopard geckos (D:2)
  5 orcs
  A ball python (D:1)
  5 giant cockroaches
  7 goblins
  10 hobgoblins
  4 jackals (D:1)
  6 kobolds
  4 quokkas
  6 bats
  7 frilled lizards
  A leopard gecko skeleton (D:5)
  A leopard gecko zombie (D:5)
  9 rats
105 creatures vanquished.

Notes
Turn   | Place    | Note
-------+----------+-------------------------------------------
     0 | D:1      | floatRand the Demonspawn Gladiator began the quest for the
                  | Orb.
     0 | D:1      | Reached XP level 1. HP: 16/16 MP: 1/1
    39 | D:1      | Reached skill level 3 in Axes
   196 | D:1      | Gained mutation: When seriously injured, your bleeding
                  | wounds create armour. (AC +6) [demonic ancestry]
   196 | D:1      | Reached XP level 2. HP: 22/22 MP: 2/2
   764 | D:2      | Reached XP level 3. HP: 25/27 MP: 3/3
   848 | D:2      | Reached skill level 4 in Axes
  1024 | D:2      | Noticed Robin
  1065 | D:2      | Killed Robin
  1422 | D:2      | Gained mutation: You are immune to rotting. [demonic
                  | ancestry]
  1422 | D:2      | Reached XP level 4. HP: 15/33 MP: 4/4
  1655 | D:2      | Reached skill level 1 in Armour
  2133 | D:3      | Found a transporter.
  2159 | D:3      | Found a transporter.
  3011 | D:4      | Found Huuxzew's Magic Scroll Emporium.
  3016 | D:4      | Bought a scroll of identify for 24 gold pieces
  3016 | D:4      | Bought a scroll of identify for 24 gold pieces
  3016 | D:4      | Bought a scroll of fog for 24 gold pieces
  3037 | D:4      | Noticed a centaur
  3043 | D:4      | Killed a centaur
  3043 | D:4      | Reached skill level 5 in Axes
  3043 | D:4      | Reached XP level 5. HP: 21/38 MP: 1/5
  3370 | D:4      | Reached XP level 6. HP: 14/44 MP: 4/6
  3759 | D:4      | Reached skill level 6 in Axes
  3956 | D:4      | Found a staircase to the Ecumenical Temple.
  3987 | Temple   | Entered the Ecumenical Temple
  4020 | Temple   | Became a worshipper of Qazlal Stormbringer
  4366 | D:4      | Reached skill level 1 in Invocations
  4366 | D:4      | Gained mutation: You have a pair of small antennae on your
                  | head. [demonic ancestry]
  4366 | D:4      | Reached XP level 7. HP: 7/50 MP: 0/8
  4750 | D:4      | Found a shimmering altar of Xom.
  4751 | D:4      | Found a hazy altar of Hepliaklqana.
  4751 | D:4      | Noticed a hell beast
  4752 | D:4      | Noticed a spectral ugly thing
  4752 | D:4      | Noticed a hell beast
  4800 | D:5      | Entered Level 5 of the Dungeon
  5310 | D:5      | Found a shadowy altar of Dithmenos.
  5444 | D:5      | Reached skill level 5 in Invocations
  5514 | D:5      | Gained mutation: You have a pair of antennae on your head.
                  | [demonic ancestry]
  5514 | D:5      | Reached XP level 8. HP: 26/56 MP: 5/11
  5898 | D:5      | Found an ancient bone altar of Kikubaaqudgha.
  6378 | D:6      | Mangled by an ogre

Levels and vault maps discovered:
D:1:      dpeg_arrival_pits, layout_basic
D:2:      layout_loops_ring, uniq_robin
D:3:      gammafunk_wand_slinger, layout_basic, first_ration, chequers_avenue
D:4:      wander_river, layout_basic, regret_index_temple_of_mockery,
          minmay_temple_entry_wispy, serial_shops, shop_statue
D:5:      layout_loops_corners, overflow_temple_1_default,
          grunt_dithmenos_smoke, tgw_sif
D:6:      layout_basic
Temple:   compressed_dpeg_circular_temple

Skill      XL: |  1  2  3  4  5  6  7  8 |
---------------+-------------------------+-----
Axes           | 3 4 5 6 |  6.9
Armour         | 2 |  2.8
Dodging        | 3 4 |  4.0
Invocations    | 1 5 |  5.6
Fighting       | |  2.0
Throwing       | |  1.7

Action                   |  1- 3 |  4- 6 |  7- 9 || total
-------------------------+-------+-------+-------++-------
Melee: War axe           |   146 |   149 |   121 ||   416
Throw: Throwing net      |       |     4 |     1 ||     5
       Dart              |       |       |     6 ||     6
  Use: Scroll            |       |     5 |    12 ||    17
       Potion            |       |     1 |     1 ||     2
 Stab: Sleeping          |     1 |       |     1 ||     2
  Eat: Chunk             |     2 |     5 |     2 ||     9
       Ration            |       |     1 |     1 ||     2
Armor: Leather armour    |    58 |    45 |    38 ||   141
Dodge: Dodged            |    95 |   118 |    76 ||   289

Table legend:
 A = Non-vault XP
 B = Vault XP
 C = Vault XP percentage of total XP
 D = Non-vault monster count
 E = Vault monster count
 F = Vault count percentage of total count
                 A         B        C        D         E       F
            +---------+---------+-------+---------+---------+-------
      Total |    1537 |      27 |   1.7 |      98 |       7 |   6.7
            +---------+---------+-------+---------+---------+-------
        D:1 |      38 |       0 |   0.0 |      20 |       0 |   0.0
        D:2 |      78 |      27 |  25.7 |      19 |       7 |  26.9
        D:3 |      40 |       0 |   0.0 |      22 |       0 |   0.0
        D:4 |     719 |       0 |   0.0 |      17 |       0 |   0.0
        D:5 |     662 |       0 |   0.0 |      20 |       0 |   0.0
            +---------+---------+-------+---------+---------+-------
